[Event "World Junior U20 Girls 2018"]
[Site "Gebze"]
[Date "2018.09.13"]
[Round "9"]
[White "Hilario, Aleyla"]
[Black "Zairbek kyzy, Begimay"]
[Result "1-0"]
[ECO "E08"]
[WhiteElo "2203"]
[BlackElo "1770"]
[Annotator "NA"]
[PlyCount "81"]
[EventDate "2018.09.05"]
[EventType "swiss"]
[EventCountry "TUR"]
[SourceTitle "playchess.com"]
[Source "ChessBase"]
[SourceQuality "1"]
[TimeControl "40/5400+30:1800+30"]

1. d4 d5 2. c4 e6 3. Nf3 Nf6 4. g3 Be7 5. Bg2 Nbd7 6. O-O O-O 7. Qc2 b6 8. Nc3 {[%emt 0:03:30] E08: Closed Catalan: Main Line: 7 Qc2} Bb7 9. Rd1 Rc8 10. cxd5 exd5 11. Nb5 {[%emt 0:07:30] LiveBook: 3 Games} (11. Bf4 a6 12. Bh3 Re8 13. Ne5 Ra8 14. Rac1 h6 15. Na4 c5 16. Nxd7 Nxd7 17. Bxd7 Qxd7 18. Nxb6 {1-0 (46) Vallejo Pons,F (2711)-Montilla Carrillo,E (2177) Tallinn 2016}) 11... a6 {[%emt 0:25:30] [#]} 12. Na7 $1 Ra8 13. Nc6 Bxc6 14. Qxc6 Rc8 $146 ({Predecessor:} 14... Bd6 15. Bf4 Qe7 16. e3 h6 17. Rac1 g5 18. Bxd6 cxd6 {1-0 (32) Usmanov,V (2428)-Egorov,D (2343) Vladivostok 2014}) 15. Bh3 Bd6 16. Bg5 Qe8 17. Rac1 Ra8 18. Nh4 h6 19. Be3 Rd8 20. Nf5 Nb8 21. Qxe8 Nxe8 22. Nxd6 cxd6 (22... Rxd6 $142 23. Bf4 Rc6) 23. Rc8 Rxc8 24. Bxc8 Nc7 25. Bb7 Ne6 26. Rc1 Rd8 27. Bxd5 Kf8 28. f4 Ke7 29. f5 Ng5 30. Bxg5+ hxg5 31. Rc7+ Rd7 32. Rc8 Rd8 33. Rxd8 Kxd8 34. Bxf7 Nc6 35. e3 Ke7 36. Bb3 Nb4 37. Kf2 b5 38. Ke2 a5 39. a3 Nc6 40. Bd5 Na7 41. b4 $18 1-0

[Event "World Junior U20 Girls 2018"]
[Site "Gebze"]
[Date "2018.09.13"]
[Round "9"]
[White "Kanakova, Natalie"]
[Black "Mahalakshmi, M."]
[Result "1-0"]
[ECO "B13"]
[WhiteElo "2201"]
[BlackElo "2213"]
[Annotator "ChessBase"]
[PlyCount "159"]
[EventDate "2018.09.05"]
[EventType "swiss"]
[EventCountry "TUR"]
[SourceTitle "playchess.com"]
[Source "ChessBase"]
[SourceQuality "1"]
[TimeControl "40/5400+30:1800+30"]

1. e4 c6 2. d4 d5 3. exd5 cxd5 4. Bd3 Nc6 5. c3 Nf6 6. h3 g6 7. Nf3 Qc7 8. O-O Bg7 9. Nbd2 O-O 10. Re1 Re8 11. Nf1 Bd7 12. Ng3 Rad8 13. Bg5 Na5 14. Qc1 b5 15. Bh6 Nc4 16. Bxg7 Kxg7 17. Nh4 h6 18. Qc2 Qf4 19. Nxg6 fxg6 20. Bxg6 Qd2 21. Qxd2 Nxd2 22. Bxe8 Rxe8 23. Re2 Nc4 24. Rae1 Kf7 25. b3 Nd6 26. Re5 e6 27. f3 Rc8 28. Ne2 Nf5 29. g4 Nh4 30. Kf2 Ng6 31. Re3 h5 32. Nc1 Ke7 33. Ne2 h4 34. Rg1 Rf8 35. Ke1 Nh7 36. Kf2 Ng5 37. Kg2 Kd6 38. Rc1 Bc8 39. Rf1 b4 40. f4 Ne4 41. c4 dxc4 42. bxc4 Bb7 43. Kg1 Nd2 44. c5+ Kd7 45. Rf2 Ne7 46. Nc1 Ne4 47. Rfe2 Ng3 48. Re1 Rxf4 49. Rxe6 Nd5 50. Rd6+ Kc7 51. Nb3 Nc3 52. Rde6 Be4 53. Nc1 Bd5 54. Re7+ Kc6 55. Rxa7 Rxd4 56. Nb3 Rf4 57. Rae7 Be4 58. Re6+ Kc7 59. Nd4 Nxa2 60. Re7+ Kc8 61. c6 b3 62. Ne6 Bxc6 63. Nxf4 Nc3 64. Nd3 Nce4 65. Nb4 Bb7 66. Rb1 Nd2 67. Rb2 Nge4 68. Nd3 Nf3+ 69. Kg2 Nd4 70. Kf1 Ba6 71. Rxe4 Bxd3+ 72. Kf2 Bxe4 73. Ke3 Ne6 74. Kxe4 Kd7 75. Ke5 Nc5 76. Kd5 Nd3 77. Rxb3 Nf2 78. Rf3 Nh1 79. Ke5 Ke7 80. Kf5 1-0

[Event "World Junior U20 Girls 2018"]
[Site "Gebze"]
[Date "2018.09.13"]
[Round "9"]
[White "Georgescu, Lena"]
[Black "Ince, Safiye Oyku"]
[Result "1/2-1/2"]
[ECO "B46"]
[WhiteElo "2195"]
[BlackElo "1905"]
[Annotator "NA"]
[PlyCount "72"]
[EventDate "2018.09.05"]
[EventType "swiss"]
[EventCountry "TUR"]
[SourceTitle "playchess.com"]
[Source "ChessBase"]
[SourceQuality "1"]
[TimeControl "40/5400+30:1800+30"]

1. e4 c5 2. Nf3 e6 3. d4 cxd4 4. Nxd4 Nc6 5. Nc3 Qc7 6. f4 {[%emt 0:00:00] LiveBook: 1341 Games} a6 7. Nxc6 bxc6 8. Bd3 d5 9. O-O Nf6 10. Qe2 Be7 {[%emt 0:03:30] B46: Sizilianisch (Paulsen/Taimanow-Variante)} 11. Bd2 O-O 12. Rae1 Bb7 (12... Re8 13. Kh1 Bf8 14. e5 Nd7 15. Na4 g6 16. c4 Nc5 17. Nxc5 Bxc5 18. Rc1 {1-0 (44) Sutovsky,E (2673)-Pichot,A (2552) Caleta 2018}) 13. e5 Nd7 14. f5 exf5 15. Bxf5 Bc8 $146 ({Vorgänger:} 15... Rae8 16. Kh1 Nc5 17. Qg4 Kh8 18. Rf3 Bc8 19. Rh3 Bxf5 20. Qxf5 {1-0 (111) Zinchenko,Y (2499)-Luzhinsky,V (2231) Alushta 2006}) 16. e6 Bc5+ 17. Kh1 fxe6 18. Bxe6+ Kh8 19. Na4 Bd6 20. c4 dxc4 21. Bc3 Nc5 $2 (21... Nf6 $14) 22. Rxf8+ Bxf8 23. Nxc5 Bxc5 24. Bf5 Qf7 25. Bc2 Bd7 26. Qe4 Qg8 27. Qh4 Rf8 28. Qh5 Bd6 29. h3 Bg3 30. Rd1 Be6 31. Kg1 $11 Bd5 32. Qg4 Bf2+ 33. Kh2 Bc5 34. Rd2 Bd6+ 35. Kg1 Qf7 36. Bf5 Re8 1/2-1/2

[Event "World Junior U20 Girls 2018"]
[Site "Gebze"]
[Date "2018.09.13"]
[Round "9"]
[White "Ivana Maria, Furtado"]
[Black "Hereklioglu, Sude"]
[Result "1-0"]
[ECO "B08"]
[WhiteElo "2144"]
[BlackElo "1930"]
[Annotator "NA"]
[PlyCount "45"]
[EventDate "2018.09.05"]
[EventType "swiss"]
[EventCountry "TUR"]
[SourceTitle "playchess.com"]
[Source "ChessBase"]
[SourceQuality "1"]
[TimeControl "40/5400+30:1800+30"]

1. d4 g6 2. e4 Bg7 3. Nf3 d6 4. Nc3 Nf6 5. Bg5 Nc6 6. h3 {[%emt 0:09:30] LiveBook: 21 Games} h6 7. Be3 Nd7 8. Qd2 e5 9. O-O-O a6 10. dxe5 Ncxe5 11. Nxe5 dxe5 12. f4 exf4 $16 13. Bxf4 c6 14. Bc4 g5 15. Bd6 Nb6 16. Bb3 Be6 17. Bxe6 fxe6 18. e5 Nc4 19. Qd3 Nxe5 20. Qe2 Qa5 21. Rde1 Nd7 22. Qxe6+ Kd8 23. Qe7+ 1-0

[Event "World Junior U20 Girls 2018"]
[Site "Gebze"]
[Date "2018.09.13"]
[Round "9"]
[White "Urh, Zala"]
[Black "Isha Sharma"]
[Result "0-1"]
[ECO "E61"]
[WhiteElo "2128"]
[BlackElo "2012"]
[Annotator "NA"]
[PlyCount "74"]
[EventDate "2018.09.05"]
[EventType "swiss"]
[EventCountry "TUR"]
[SourceTitle "playchess.com"]
[Source "ChessBase"]
[SourceQuality "1"]
[TimeControl "40/5400+30:1800+30"]

1. d4 d6 2. Nf3 Nf6 3. c4 g6 4. Nc3 Bf5 {[%emt 0:00:00] LiveBook: 973 Games} 5. d5 Bg7 {[%emt 0:00:00] E61: King's Indian: Early deviations for White, including Smyslov System} 6. Nd4 Bd7 (6... Bc8 7. e4 O-O 8. Be2 e6 9. O-O exd5 10. cxd5 Re8 11. f3 c5 12. Nc2 a6 13. a4 {1-0 (33) Le,Q (2737)-Mamedov,R (2709) Huaian 2017}) 7. e4 O-O 8. Be2 e5 9. Nb3 a5 10. Bg5 $146 ({Predecessor:} 10. Be3 b6 11. g4 Ne8 12. h4 f5 13. gxf5 gxf5 {1-0 (40) Bai,J (2594)-Peng,X (2427) Tianjin 2018}) 10... b6 11. Qd2 Na6 12. h4 Qc8 13. h5 a4 14. Nc1 Nc5 15. Qe3 (15. Bxf6 $11 Bxf6 16. Nd3 (16. hxg6 fxg6 17. Nd3 Qd8 $15)) 15... Nxh5 16. Bxh5 gxh5 17. Nd3 f5 18. O-O-O Nxe4 19. Nxe4 fxe4 20. Qxe4 Bf5 21. Qh4 Bg6 22. f3 Qf5 $19 23. Rh3 b5 24. Be3 Bf6 25. g4 hxg4 26. Qxg4 Qxg4 27. fxg4 bxc4 28. Nb4 a3 29. g5 Bg7 30. Nc6 axb2+ 31. Kxb2 e4+ 32. Kb1 Rf3 33. Rdh1 Kf7 34. Bd4 e3+ 35. Kc1 Rf2 36. Bxe3 Rc2+ 37. Kd1 Raxa2 0-1

[Event "World Junior U20 Girls 2018"]
[Site "Gebze"]
[Date "2018.09.13"]
[Round "9"]
[White "Santeramo, Alessia"]
[Black "Nassr, Lina"]
[Result "0-1"]
[ECO "B45"]
[WhiteElo "2124"]
[BlackElo "1854"]
[Annotator "NA"]
[PlyCount "78"]
[EventDate "2018.09.05"]
[EventType "swiss"]
[EventCountry "TUR"]
[SourceTitle "playchess.com"]
[Source "ChessBase"]
[SourceQuality "1"]
[TimeControl "40/5400+30:1800+30"]

1. e4 c5 2. Nf3 e6 3. d4 cxd4 4. Nxd4 Nf6 5. Nc3 Nc6 6. Nxc6 bxc6 7. e5 Nd5 8. Ne4 Bb7 9. c4 {[%emt 0:05:30] B45: Sicilian Four Knights} Nb4 10. Bd2 c5 {[%emt 0:07:30] LiveBook: 4 Partien} 11. Bxb4 (11. Nd6+ Bxd6 12. exd6 Qb6 13. Bc3 Be4 14. Qg4 Bf5 15. Qxg7 O-O-O 16. Rd1 Nc2+ {1-0 (44) Vavulin,M (2575)-Tregubov,P (2589) Moscow 2017}) 11... cxb4 $146 ({Predecessor:} 11... Bxe4 12. Bc3 Qc7 13. f3 Bc6 14. Bd3 d5 15. cxd5 exd5 16. Qe2 Be7 {0-1 (39) Ivanov,A (2326)-Dovzik,J (2425) Alushta 2006}) 12. Qd4 Qa5 13. b3 Rd8 14. Bd3 Bxe4 15. Qxe4 Be7 16. O-O f5 17. Qe2 O-O 18. Rad1 Qc5 19. Bc2 Rfe8 20. Rd3 d6 21. exd6 Rxd6 22. Re3 Bf6 23. h4 Bc3 24. Qf3 Rf8 25. Rd1 Bd4 $15 26. Re2 e5 27. Kf1 g6 28. h5 Kg7 29. h6+ Kxh6 30. g4 Kg7 31. gxf5 gxf5 32. Qb7+ Rf7 33. Qg2+ Rg6 34. Qh1 Kh8 35. Rd3 Rfg7 36. Rh3 Qe7 37. Qh2 Qg5 38. Re1 Qd2 39. Bb1 Rg1+ 0-1

[Event "World Junior U20 Girls 2018"]
[Site "Gebze"]
[Date "2018.09.13"]
[Round "9"]
[White "Li, Xinyu"]
[Black "Salah, Nadezhda"]
[Result "0-1"]
[ECO "A43"]
[WhiteElo "2086"]
[BlackElo "1918"]
[Annotator "NA"]
[PlyCount "88"]
[EventDate "2018.09.05"]
[EventType "swiss"]
[EventCountry "TUR"]
[SourceTitle "playchess.com"]
[Source "ChessBase"]
[SourceQuality "1"]
[TimeControl "40/5400+30:1800+30"]

1. d4 g6 2. c4 Bg7 3. Nf3 d6 4. e4 c5 5. d5 e6 6. Nc3 Ne7 7. Bd3 O-O 8. O-O a6 {[%emt 0:05:30] A43: Schmid Benoni} (8... exd5 9. exd5 Bf5 10. Re1 Bxd3 11. Qxd3 Nd7 12. Bf4 Nf6 13. h3 a6 14. Re2 Qd7 15. Rae1 Rae8 16. b3 {½-½ (29) Mchedlishvili,M (2601)-Malakhov,V (2713) Doha 2016}) 9. Bg5 h6 10. Be3 Nd7 $146 ({Predecessor:} 10... e5 11. Qd2 g5 {0-1 (59) Lomineishvili,M (2437)-Rajlich,I (2399) St Petersburg 2009}) 11. a3 e5 (11... exd5 $11 12. exd5 (12. cxd5 f5 $11) 12... Nf6) 12. Ne1 f5 13. exf5 gxf5 14. f4 e4 15. Be2 Nf6 16. Qd2 Bd7 17. b4 b6 18. Rb1 Rb8 19. Nc2 Qe8 20. Rb3 Rd8 (20... Ng4 $11) 21. bxc5 bxc5 22. Rb6 Bc8 23. h3 Kh7 24. Na1 Rg8 25. Rbb1 Qg6 26. Rf2 Qg3 27. Bf1 Bh8 28. Ne2 Qxh3 29. g3 Qg4 30. Rh2 Qg6 31. Nc2 Bd7 32. Bf2 Ng4 33. Rh3 Rb8 34. Qc1 $19 Rge8 35. Bg2 Nxf2 36. Kxf2 Ng8 37. Rh1 Ba4 38. Ne3 Bd4 39. Bh3 Bxe3+ 40. Qxe3 Nf6 41. Kg2 Bc2 42. Rxb8 Rxb8 43. Qc3 Bd3 44. Nc1 Nh5 0-1

[Event "World Junior U20 Girls 2018"]
[Site "Gebze"]
[Date "2018.09.13"]
[Round "9"]
[White "Dwilewicz, Katarzyna"]
[Black "Sieber, Fiona"]
[Result "0-1"]
[ECO "B81"]
[WhiteElo "2081"]
[BlackElo "2277"]
[Annotator "NA"]
[PlyCount "88"]
[EventDate "2018.09.05"]
[EventType "swiss"]
[EventCountry "TUR"]
[SourceTitle "playchess.com"]
[Source "ChessBase"]
[SourceQuality "1"]
[TimeControl "40/5400+30:1800+30"]

1. e4 c5 2. Nf3 e6 3. d4 cxd4 4. Nxd4 Nf6 5. Nc3 d6 6. g4 h6 7. h4 Nc6 8. Rg1 h5 9. gxh5 Nxh5 10. Bg5 Nf6 11. Qd2 Qb6 12. Nb3 a6 13. O-O-O Bd7 14. Be2 {[%emt 0:16:30] B81: Sicilian Scheveningen: Keres Attack} Rc8 (14... Qc7 15. h5 Nxh5 16. Rh1 g6 17. Bxh5 gxh5 18. Qe2 Be7 19. Bxe7 Nxe7 20. Rxh5 O-O-O 21. Rxh8 Rxh8 {½-½ (37) Kryvoruchko,Y (2697)-Kulaots,K (2573) Abu Dhabi 2015}) 15. Kb1 Qc7 16. f4 $146 ({Predecessor:} 16. h5 b5 17. a3 Ne5 18. h6 Rxh6 19. Bxh6 gxh6 {½-½ (47) Schut,L (2212)-Karavade,E (2386) Arinsal 2009}) 16... b5 17. a3 Nh7 18. f5 Ne5 19. fxe6 Bxe6 20. Nd5 Bxd5 21. exd5 Nxg5 22. hxg5 g6 23. Bg4 Ra8 24. Nd4 Bg7 25. Nc6 a5 26. Rde1 O-O 27. Nxe5 Bxe5 28. Rh1 Qe7 29. Qe3 (29. Rh6 $11) 29... Kg7 $1 30. Rh6 Rh8 31. Qd2 Rxh6 32. gxh6+ Kh7 33. Rf1 b4 34. a4 f5 35. Be2 Qf6 36. Bd3 Bxb2 37. Ka2 Rc8 38. Qe3 Bd4 39. Qh3 Rc3 40. Kb1 b3 41. Qg2 b2 42. Qe2 Ra3 43. c4 Qg5 44. Re1 Qc1+ 0-1

[Event "World Junior U20 Girls 2018"]
[Site "Gebze"]
[Date "2018.09.13"]
[Round "9"]
[White "Sankova, Stella"]
[Black "Caglar, Sila"]
[Result "0-1"]
[ECO "B23"]
[WhiteElo "2081"]
[BlackElo "2208"]
[Annotator "NA"]
[PlyCount "102"]
[EventDate "2018.09.05"]
[EventType "swiss"]
[EventCountry "TUR"]
[SourceTitle "playchess.com"]
[Source "ChessBase"]
[SourceQuality "1"]
[TimeControl "40/5400+30:1800+30"]

1. e4 c5 2. Nc3 Nc6 3. f4 g6 4. Nf3 Bg7 5. Bb5 Nd4 6. O-O e6 7. d3 {[%emt 0:00:00] B23: Closed Sicilian: Lines without g3} (7. e5 a6 8. Bd3 f5 9. b3 d6 10. Bb2 Ne7 11. Ne2 Nxf3+ 12. Rxf3 Nc6 13. Re3 O-O 14. Qe1 b5 15. a4 {0-1 (50) Slipak,S (2444)-Krysa,L (2518) Villa Martelli 2017}) 7... Ne7 8. Nxd4 cxd4 9. Ne2 a6 10. Ba4 O-O 11. Qe1 f5 12. e5 b5 13. Bb3 Nc6 14. Qf2 d6 15. Nxd4 Nxd4 16. Qxd4 dxe5 17. Qxd8 Rxd8 18. fxe5 Bxe5 19. Re1 $146 Bd4+ 20. Kf1 Kf7 21. c3 Bf6 22. d4 g5 23. Bd2 a5 24. a3 Ra6 25. Re3 Bb7 26. Rh3 Kg6 27. Re1 Be4 28. Bd1 e5 29. Bh5+ Kg7 30. dxe5 Rxd2 31. exf6+ Rxf6 32. Rg3 Rxb2 33. Rxg5+ Kh6 34. h4 Rxg2 35. Rxe4 Rxg5 36. hxg5+ Kxg5 37. Re7 Kxh5 38. Rxh7+ Kg4 39. Rb7 Rc6 40. Rxb5 Rxc3 41. Rxa5 f4 42. Ra8 Kf3 43. Ke1 Rc1+ 44. Kd2 Ra1 45. a4 Kg2 46. a5 $11 f3 47. Rg8+ Kf1 48. Rg3 f2 49. Rg5 Ra3 50. Rf5 Kg2 51. Rg5+ Rg3 0-1

[Event "World Junior U20 Girls 2018"]
[Site "Gebze"]
[Date "2018.09.13"]
[Round "9"]
[White "Bai, Xue"]
[Black "Chu, Ruotong"]
[Result "1-0"]
[ECO "B28"]
[WhiteElo "2073"]
[BlackElo "2199"]
[Annotator "NA"]
[PlyCount "105"]
[EventDate "2018.09.05"]
[EventType "swiss"]
[EventCountry "TUR"]
[SourceTitle "playchess.com"]
[Source "ChessBase"]
[SourceQuality "1"]
[TimeControl "40/5400+30:1800+30"]

1. e4 c5 2. Nf3 a6 3. c4 Nc6 4. d4 cxd4 5. Nxd4 e5 6. Nxc6 {[%emt 0:05:30] LiveBook: 5 Games B28: Sicilian: 2 Nf3 a6 (O'Kelly Variation)} (6. Nf5 d6 7. Nc3 g6 8. Ne3 Bh6 9. g3 Nf6 10. Bg2 O-O 11. O-O b5 12. f4 exf4 13. gxf4 Bb7 14. e5 dxe5 15. fxe5 {1-0 (40) Salem,A (2638)-Rapport,R (2694) Geneva 2017 CBM 180 [Fier,A]}) 6... bxc6 7. Be2 Bc5 8. Qb3 $146 ({Predecessor:} 8. O-O Ne7 9. Be3 Ba7 10. Bxa7 Rxa7 11. Qd6 Qc7 12. Rd1 Qxd6 13. Rxd6 Ng6 {1-0 (46) Madera,S-Schanilec,L Prague 1996}) 8... Bd4 9. Be3 c5 10. Bxd4 cxd4 11. O-O Ne7 12. f4 exf4 13. Rxf4 Qc7 14. Qg3 Ng6 15. Rf2 Qxg3 16. hxg3 Bb7 17. Bf3 Ne5 18. Na3 g5 19. Bh5 Ke7 20. Nc2 d3 21. Nd4 Rhf8 22. Nf5+ Ke6 23. Nd4+ Kd6 24. Rf6+ Ke7 25. Rb6 Bxe4 26. Re1 f5 27. Nxf5+ Rxf5 28. Rxe4 Raf8 29. c5 R8f6 30. Kh2 d2 31. Be2 Rxb6 32. cxb6 Kd6 33. Rd4+ Kc6 34. Rxd2 Kxb6 35. g4 Rf6 36. Kg3 Kc5 37. a3 a5 38. Bd1 d5 39. b4+ axb4 40. axb4+ Kc6 41. Ba4+ Kd6 42. Bb3 Rf4 43. Rxd5+ Ke6 44. Rd4+ Kf6 45. Rxf4+ gxf4+ 46. Kh4 f3 47. gxf3 Nxf3+ 48. Kh5 Ke5 49. Bg8 Kd4 50. Kh6 Ne5 51. g5 Nf3 52. Bb3 $18 Kc3 53. b5 1-0

[Event "World Junior U20 Girls 2018"]
[Site "Gebze"]
[Date "2018.09.13"]
[Round "9"]
[White "Li, Yunshan"]
[Black "Schneider, Jana"]
[Result "1/2-1/2"]
[ECO "E01"]
[WhiteElo "2060"]
[BlackElo "2190"]
[Annotator "NA"]
[PlyCount "70"]
[EventDate "2018.09.05"]
[EventType "swiss"]
[EventCountry "TUR"]
[SourceTitle "playchess.com"]
[Source "ChessBase"]
[SourceQuality "1"]
[TimeControl "40/5400+30:1800+30"]

1. d4 Nf6 2. c4 e6 3. g3 d5 4. Nf3 Bb4+ 5. Bd2 Bd6 6. Bg2 Nbd7 7. O-O O-O 8. Qc2 c6 9. Bg5 h6 10. Bxf6 Nxf6 11. Nbd2 b6 {[%emt 0:03:30] E01: Catalan: Early deviations} 12. e4 Be7 13. e5 Nd7 14. cxd5 cxd5 15. Rfc1 {[%emt 0:02:30] LiveBook: 37 Games} Bb7 16. Qc7 Rb8 17. Bf1 a6 {[%emt 0:06:30] [#]} 18. Nb3 $146 ({Predecessor:} 18. Bd3 Qe8 19. Re1 {½-½ (93) Li,C (2756)-Erdos,V (2616) Germany 2015}) 18... Re8 19. Ne1 f6 20. Bh3 Nf8 21. Nd3 Qxc7 22. Rxc7 Bd8 23. Rc2 f5 24. Nb4 Kf7 25. Bf1 Ra8 26. a4 a5 27. Nc6 Be7 28. Nxe7 Rxe7 29. Rac1 $16 Nd7 30. Rc7 Ba6 31. Bxa6 Rxa6 32. Rb7 Ra8 33. Rcc7 Rb8 34. Ra7 Ke8 35. Rc3 Nf8 1/2-1/2

[Event "World Junior U20 Girls 2018"]
[Site "Gebze"]
[Date "2018.09.13"]
[Round "9"]
[White "Malatsilava, Volha"]
[Black "Sade, Defne"]
[Result "1-0"]
[ECO "C85"]
[WhiteElo "2040"]
[BlackElo "1826"]
[Annotator "NA"]
[PlyCount "171"]
[EventDate "2018.09.05"]
[EventType "swiss"]
[EventCountry "TUR"]
[SourceTitle "playchess.com"]
[Source "ChessBase"]
[SourceQuality "1"]
[TimeControl "40/5400+30:1800+30"]

1. e4 e5 2. Nf3 Nc6 3. Bb5 a6 4. Ba4 Nf6 5. O-O Be7 6. Bxc6 dxc6 {[%emt 0:00:00] LiveBook: 1668 Games} 7. d3 Nd7 8. Nbd2 O-O 9. Nc4 f6 10. Nh4 Nc5 11. Nf5 Bxf5 12. exf5 b5 {[%emt 0:03:30] C85: Closed Ruy Lopez: Deferred Exchange Variation} (12... Re8 13. Qg4 Qd7 14. Re1 b5 15. Bh6 Bf8 16. Nd2 Qd4 17. Qxd4 exd4 18. Bf4 Na4 19. Nf3 Rxe1+ 20. Rxe1 {½-½ (74) Jovanovic,Z (2533)-Bosiocic,M (2610) Valpovo 2017}) 13. Nd2 Qd7 14. Qg4 $146 ({Predecessor:} 14. Qf3 Rfd8 15. Ne4 Nxe4 16. dxe4 Bc5 17. Re1 Rab8 18. Be3 Bxe3 19. Qxe3 Qd2 20. Kf1 Qxc2 {0-1 (50) Albesa,A (1035)-Trevis,R (972) LSS email 2008}) 14... Nb7 15. Qf3 Qd5 16. Ne4 Rad8 17. Qg4 c5 18. Re1 Rf7 19. Be3 Na5 20. Bd2 Nc6 21. Re3 Bf8 22. Rg3 Qd7 23. c3 Ne7 24. Rf3 Qc6 25. Rd1 a5 26. Bc1 b4 27. c4 Qa4 28. Rg3 Qd7 29. Nxc5 (29. Rf3 $11) 29... Qxf5 30. Ne6 Qxg4 31. Rxg4 Rd7 32. d4 f5 33. Rg3 f4 34. Rgd3 e4 35. Rh3 Ng6 36. Ng5 Rfe7 37. Nxh7 Re8 38. Nxf8 Rxf8 39. Rh5 Rfd8 40. d5 c6 41. Rg5 Ne7 42. Bxf4 cxd5 43. c5 d4 44. Bd6 Nc8 45. Rxd4 Nxd6 46. Rgd5 Rc8 47. cxd6 a4 48. Kf1 Rc2 49. Rd2 Rc1+ 50. Rd1 Rc2 51. R5d2 b3 52. axb3 axb3 53. Rxc2 bxc2 54. Rc1 Rxd6 55. Rxc2 Rd1+ 56. Ke2 Rh1 57. h3 Rh2 58. g3 Rxh3 59. Ke3 Rh1 60. Kxe4 Kf7 61. b4 Rb1 62. Rc4 Ke6 63. Rc6+ Kf7 64. Rc4 Ke6 65. Kf4 Rb2 66. f3 Rb3 67. Kg4 Kf6 68. f4 g6 69. Rc6+ Kg7 70. Rb6 Kh7 71. Kh4 Rf3 72. b5 Kg7 73. Rc6 Rb3 74. b6 Rb5 75. g4 g5+ 76. fxg5 Rb3 77. g6 Rb4 78. Kh5 Rb2 79. Rc7+ Kf6 80. Rf7+ Ke6 81. b7 Rh2+ 82. Kg5 Rb2 83. Rf6+ Ke7 84. g7 Rxb7 85. g8=Q Rb5+ 86. Rf5 1-0

[Event "World Junior U20 Girls 2018"]
[Site "Gebze"]
[Date "2018.09.13"]
[Round "9"]
[White "Caballero Quijano, Mitzy Mishell"]
[Black "Incecik, Seyma Zeynep"]
[Result "1-0"]
[ECO "E01"]
[WhiteElo "2034"]
[BlackElo "1716"]
[Annotator "NA"]
[PlyCount "117"]
[EventDate "2018.09.05"]
[EventType "swiss"]
[EventCountry "TUR"]
[SourceTitle "playchess.com"]
[Source "ChessBase"]
[SourceQuality "1"]
[TimeControl "40/5400+30:1800+30"]

1. d4 Nf6 2. Nf3 d5 3. c4 e6 4. g3 c6 5. Bg2 Bd6 6. O-O O-O 7. b3 Nbd7 8. Bb2 Ne4 9. Nfd2 f5 10. e3 Qg5 11. Qe2 {[%emt 0:07:30] E01: Catalan: Early deviations} Ndf6 12. f3 Qh5 $146 ({Predecessor:} 12... Nxg3 13. hxg3 Bxg3 14. Rd1 Ng4 15. fxg4 fxg4 16. Rf1 Bd7 17. Nc3 Qh4 18. Bh1 Bd6 19. Qg2 Qg5 20. Rae1 h5 21. Nf3 Qh6 22. Ne5 {1-0 (22) Barbosa,P (2228)-Zaidan Lima,A (1989) Blumenau 2010}) 13. Qe1 Ng5 14. Ba3 Bxa3 15. Nxa3 Nh3+ 16. Bxh3 Qxh3 17. Nc2 Bd7 18. Nb4 Rae8 19. Nd3 Bc8 20. Qe2 $16 Nd7 21. Rae1 Qh6 22. f4 Re7 23. b4 Qg6 24. Rc1 Qe8 25. Ne5 Nxe5 26. dxe5 Qd8 27. Nf3 Qb6 28. a3 a5 29. c5 Qc7 30. Nd4 Bd7 31. b5 cxb5 32. Nxb5 Bxb5 33. Qxb5 Rc8 34. Kf2 Kf7 35. Ke2 Rd7 36. Kd3 Ke7 37. Kd4 Rdd8 38. Rb1 Rd7 39. Rf2 Ra8 40. Qb6 Qc6 41. Rb5 Ra6 42. Qxc6 bxc6 43. Rb6 Rda7 44. Rfb2 Rxb6 45. cxb6 Rb7 46. Kc5 Kd7 47. Rd2 Rb8 48. Rd4 Ra8 49. b7 Rb8 50. Kb6 c5 51. Ra4 c4 52. Rxa5 c3 53. Rc5 h6 54. a4 g5 55. a5 g4 56. Rc7+ Kd8 57. a6 c2 58. a7 Rxb7+ 59. Kxb7 1-0

[Event "World Junior U20 Girls 2018"]
[Site "Gebze"]
[Date "2018.09.13"]
[Round "9"]
[White "Yang, Yijing"]
[Black "Serikbay, Assel"]
[Result "0-1"]
[ECO "D11"]
[WhiteElo "2018"]
[BlackElo "2125"]
[Annotator "NA"]
[PlyCount "72"]
[EventDate "2018.09.05"]
[EventType "swiss"]
[EventCountry "TUR"]
[SourceTitle "playchess.com"]
[Source "ChessBase"]
[SourceQuality "1"]
[TimeControl "40/5400+30:1800+30"]

1. d4 d5 2. c4 c6 3. e3 Nf6 4. Nf3 a6 5. Bd3 Bg4 6. Nbd2 Nbd7 7. Qc2 e6 8. b3 {[%emt 0:00:30] D11: Slav Defence: 3 Nf3 sidelines and 3...Nf6 4 e3 Bg4} Bd6 9. Bb2 O-O (9... Bh5 10. h3 Bg6 11. O-O Qe7 12. e4 dxe4 13. Nxe4 Nxe4 14. Bxe4 Bxe4 15. Qxe4 {½-½ (20) Ponomariov,R (2687)-Fressinet,L (2657) Heraklio 2017}) 10. Ne5 Bh5 11. O-O Bg6 12. Nxg6 hxg6 13. c5 Be7 $146 ({Predecessor:} 13... Bc7) 14. f4 Ng4 15. Rae1 f5 16. Nf3 Nh6 17. Qf2 g5 18. fxg5 Bxg5 19. Nxg5 Qxg5 20. Qf4 Qe7 21. h3 Nf6 22. Qg5 Nf7 23. Qg6 Nh7 24. Qh5 Nfg5 25. g4 Rf6 26. gxf5 exf5 27. Bxf5 Rh6 28. Qg4 g6 29. Bd3 Rh4 30. Qg3 Rxh3 31. Qg2 $19 (31. Qd6 {is more resistant.} Qxd6 32. cxd6) 31... Rxe3 32. Rd1 Qc7 33. Qc2 Rg3+ 34. Kh1 Rh3+ 35. Kg1 Qg3+ 36. Qg2 Qe3+ 0-1

[Event "World Junior U20 Girls 2018"]
[Site "Gebze"]
[Date "2018.09.13"]
[Round "9"]
[White "Celik, Eylul"]
[Black "Aksoy, Ayca"]
[Result "1/2-1/2"]
[ECO "E00"]
[WhiteElo "2014"]
[BlackElo "1898"]
[Annotator "NA"]
[PlyCount "82"]
[EventDate "2018.09.05"]
[EventType "swiss"]
[EventCountry "TUR"]
[SourceTitle "playchess.com"]
[Source "ChessBase"]
[SourceQuality "1"]
[TimeControl "40/5400+30:1800+30"]

1. d4 Nf6 2. c4 e6 3. Bg5 Bb4+ 4. Nd2 h6 5. Bxf6 {[%emt 0:00:30] E00: Catalan Bogo-Indian (3 g3 Bb4+)} (5. Bh4 g5 6. Bg3 Ne4 7. Ngf3 h5 8. Qc2 Nxd2 9. Nxd2 Nc6 10. d5 h4 11. dxc6 hxg3 12. fxg3 bxc6 13. e3 Rb8 14. a3 {1-0 (31) Ivanisevic,I (2648)-Aroshidze,L (2517) Sitges 2016}) 5... Qxf6 6. a3 Bxd2+ 7. Qxd2 b6 8. e3 Bb7 9. Ne2 O-O 10. Nc3 d6 11. d5 $146 ({Predecessor:} 11. f3 Nd7 12. Bd3 c5 13. dxc5 Nxc5 {0-1 (51) Costescu,T-Garban,A Calimanesti 2000}) 11... Nd7 12. Be2 a6 13. O-O e5 14. b4 Qg5 15. f4 Qe7 16. f5 e4 17. Rf4 Nf6 18. Bd1 Qe5 19. Bb3 b5 20. Rd1 bxc4 21. Bxc4 c6 22. dxc6 Bxc6 23. Qd4 Rfc8 24. a4 Bd7 25. Nxe4 Qxd4 $16 26. Rxd4 Nxe4 27. Rfxe4 Re8 28. Rxe8+ Rxe8 29. Kf2 Bxa4 30. Bxa6 Re5 31. Bd3 Bb5 32. g4 Bxd3 33. Rxd3 Rb5 34. Rd4 d5 35. e4 dxe4 36. Ke3 g6 37. Kxe4 gxf5+ 38. gxf5 Kg7 39. Kf4 Kf6 40. Rd6+ Kg7 41. Rd4 Kf6 1/2-1/2